 Dungeon Crawl Stone Soup version 0.30.0-10-gfe55d96785 (webtiles) character file.

Game seed: 3367224267237573259

105 monsoonserge the Slasher (level 5, -5/47 HPs)
             Began as a Meteoran Monk on May 16, 2023.
             Was a Priest of Wu Jian.
             Slain by a wyvern (17 damage)
             ... on level 3 of the Dungeon.
             The game lasted 00:08:50 (1293 turns).

monsoonserge the Slasher (Meteoran Monk)            Turns: 1293, Time: 00:08:50

Health: -5/47      AC:  5    Str: 12    XL:     5   Next: 30%
Magic:  6/6        EV: 12    Int: 12    God:    Wu Jian [***...]
Gold:   104        SH:  0    Dex: 18    Spells: 4/4 levels left

rFire   . . .        a - +0 falchion
rCold   . . .        d - orb {light}
rNeg    . . .        q - +0 ring mail
rPois   .            (no helmet)
rElec   .            (no cloak)
rCorr   .            (no gloves)
SInv    .            (no boots)
Will    .....        (no amulet)
Stlth   +            (no ring)
HPRegen 0.27/turn    (no ring)
MPRegen 0.10/turn

%: no passive effects
@: mighty, glowing
A: sense surroundings 1, otherworldly, glowing, explore regen
a: Renounce Religion, Wall Jump, Serpent's Lash


You were on level 3 of the Dungeon.
You worshipped Wu Jian.
Wu Jian was most pleased with you.
You visited 1 branch of the dungeon, and saw 4 of its levels.

You collected 104 gold pieces.

Inventory:

Hand Weapons
 a - a +0 falchion (weapon)
Missiles
 e - 7 poisoned darts (quivered)
Armour
 b - a +0 robe
 d - an orb of light (worn)
 l - a +0 leather armour
 q - a +0 ring mail (worn)
Scrolls
 g - 2 scrolls of identify {unknown}
 m - a scroll of fear {unknown}
 p - a scroll of fog {unknown}
 r - a scroll of summoning {unknown}
Potions
 c - a potion of ambrosia
 f - a potion of haste {unknown}
 h - a potion of degeneration {unknown}
 i - a potion of might
 j - a potion of flight {unknown}
 k - 2 potions of heal wounds {unknown}
 n - a potion of curing {unknown}
 o - a potion of attraction {unknown}


   Skills:
 + Level 4.4 Fighting
 + Level 5.0 Long Blades
 + Level 0.2 Armour
 + Level 4.4 Dodging


You had 4 spell levels left.
You didn't know any spells.
Your spell library contained the following spells:

 Spells                   Type           Power      Damage    Failure   Level
 Olgreb's Toxic Radiance  Pois           0%         N/A       100%        4
 Discord                  Hex            0%         N/A       100%        8
 Ignition                 Fire           0%         3d3       100%        8


Dungeon Overview and Level Annotations

Branches:
Dungeon (4/15) Zot: 1098
 Temple: D:4-7

Altars:
Wu Jian


Innate Abilities, Weirdness & Mutations

You passively map a small area around you.
You are easily found by Zot.
You glow in the dark.
You regain HP and MP as you explore.


Message History

Unknown command.
Found a scroll labelled DISOSI XIOBER.
g - 2 scrolls labelled DISOSI XIOBER (gained 1)
There are no items here.
A bat comes into view.
The bat hits you but does no damage.
You slash the bat!
You kill the bat!
The Council accepts your kill.
You see here a bat corpse.
Found 6 gold pieces.
You now have 104 gold pieces (gained 6).
There are no items here.
Found a stone staircase leading down.
There is a stone staircase leading down here.
You climb downwards.
The wyvern hisses angrily.
Found a hand axe, 113 gold pieces and a mace.
There is a stone staircase leading up here.
There is a stone staircase leading up here.
The wyvern misses you.
You climb upwards.
There is a stone staircase leading down here.
You hit the wyvern but do no damage. The wyvern misses you.
The wyvern bites you!
You barely miss the wyvern. The wyvern closely misses you.
Okay, then.
Okay, then.
You hit the wyvern but do no damage. The wyvern bites you!
The wyvern bites you but does no damage.
You aren't carrying any items that you can evoke.
You slash the wyvern!
The wyvern is moderately wounded.
The wyvern bites you but does no damage.
The wyvern bites you!
* * * LOW HITPOINT WARNING * * *
It was a potion of might.
You feel very mighty all of a sudden. The wyvern bites you!
You die...

.............#
##.##..######
. #^......# ,
, *#.
##.####.# ,
#..# * #.# *,
*.....###.#
.........# *,
, , ....#..l.#
*. ###.@# ,,
#### * * * ,


You could see a wyvern.

Vanquished Creatures
  An orc priest (D:3)
  3 adders (D:2)
  4 orcs (D:3)
  2 endoplasms
  A giant cockroach (D:1)
  2 goblins
  6 hobgoblins
  5 jackals
  2 quokkas
  2 ball pythons
  4 bats
  6 kobolds
  3 rats
41 creatures vanquished.

Notes
Turn   | Place    | Note
-------+----------+-------------------------------------------
     0 | D:1      | monsoonserge the Meteoran Monk began the quest for the Orb.
     0 | D:1      | Reached XP level 1. HP: 19/19 MP: 2/2
    83 | D:1      | Found a faded altar of an unknown god.
    96 | D:1      | Reached XP level 2. HP: 19/26 MP: 3/3
   116 | D:1      | Prayed at the altar of an unknown god.
   116 | D:1      | Became a worshipper of the Wu Jian Council
   116 | D:1      | Reached * piety under Wu Jian
   116 | D:1      | Reached ** piety under Wu Jian
   415 | D:1      | Reached skill level 4 in Long Blades
   578 | D:2      | Reached XP level 3. HP: 33/33 MP: 4/4
   635 | D:2      | Reached *** piety under Wu Jian
   819 | D:2      | Reached XP level 4. HP: 31/40 MP: 5/5
   920 | D:3      | Reached XP level 5. HP: 25/47 MP: 6/6
  1100 | D:3      | Reached skill level 5 in Long Blades
  1284 | D:4      | Noticed a wyvern
  1293 | D:3      | Slain by a wyvern

Illustrated notes

Levels and vault maps discovered:
D:1:      amcnicky_arrival_feature_with_door, layout_loops_corners,
          hellmonk_ecumenical_altar_dog_temple, nicolae_figureground_pulse
D:2:      minmay_spotlight, layout_basic
D:3:      layout_basic, uniq_ijyb
D:4:      cheibrodos_pilgrimage, layout_rooms, nicolae_overflow_hidden_temple,
          serial_shops, shop, minmay_gold_behind_fungi, uniq_sigmund,
          uniq_blork_the_orc

Skill      XL: |  1  2  3  4  5 |
---------------+----------------+-----
Dodging        | 4 |  4.4
Long Blades    | 4 5 |  5.0
Fighting       | 4 |  4.4
Armour         | |  0.2

Action                     |  1- 3 |  4- 6 || total
---------------------------+-------+-------++-------
  Melee: Falchion          |    56 |    54 ||   110
Ability: Lunge             |     6 |     7 ||    13
         Whirlwind         |     1 |     8 ||     9
    Use: Potion            |       |     1 ||     1
 Armour: Robe              |    10 |       ||    10
         Ring mail         |       |    12 ||    12
         Leather armour    |       |     4 ||     4
  Dodge: Dodged            |    30 |    24 ||    54
